[ AOE2 MATCH · #505707362 ]
UnrankedVikings vs Khitans
Player's team · WIN
Rival team · LOSS
[ REPLAY ANALYSIS · EXTRACTED FROM THE RECORDED GAME ]
Feudal
9:21
Castle
22:36
Imperial
37:09
| APM avg | 125.6 |
| APM peak | 234 |
| eAPM avg | 58.5 |
| Villagers / military | 163 / 197 |
Focus
⚔️ 68.0% · 🌾 32.0%
Archer ×80 · Skirmisher ×78 · Knight ×10 · Berserk ×10 · Battering Ram ×5 · Mangonel ×4
Feudal
8:53
Castle
24:43
Imperial
40:50
| APM avg | 67.1 |
| APM peak | 92 |
| eAPM avg | 27.3 |
| Villagers / military | 148 / 216 |
Focus
⚔️ 46.1% · 🌾 53.9%
Skirmisher ×139 · Cavalry Archer ×48 · Militia ×12 · Iron Pagoda ×5 · Trebuchet (Packed) ×4 · Monk ×3
Match map
Initial resources + every placement click. Lines = walls · curves = elevation contours. ◆ gold · ⬟ stone · ● berries · ✦ relic · ◌ wall gap
Your base· Open — opponent sealed themselves in
OS+ | Sziky's base· ✓ Closed at 24:43 · 54t walls · no gate
Smoothed initial terrain · ◌ = detected wall gap · hover for details
Inputs per minute
— Itz_Zenta - - OS+ | Sziky
Build order — Itz_Zenta
First 150 of 571 actions detected
| 0:00 | Create | Villager (Male) ×4 |
| 0:01 | Build | House |
| 0:02 | Build | House |
| 1:29 | Create | Villager (Male) |
| 1:29 | Create | Villager (Male) |
| 1:54 | Build | Lumber Camp |
| 1:58 | Create | Villager (Male) |
| 2:00 | Create | Villager (Male) |
| 2:43 | Create | Villager (Male) |
| 3:17 | Create | Villager (Male) |
| 3:50 | Create | Villager (Male) |
| 3:58 | Build | House |
| 4:16 | Create | Villager (Male) |
| 4:35 | Create | Villager (Male) |
| 4:37 | Build | House |
| 5:01 | Create | Villager (Male) |
| 5:22 | Create | Villager (Male) |
| 5:51 | Build | Barracks |
| 5:51 | Create | Villager (Male) |
| 6:21 | Create | Villager (Male) |
| 6:40 | Research | Loom |
| 6:58 | Research | Feudal Age |
| 7:15 | Create | Militia |
| 7:15 | Create | Militia |
| 7:19 | Build | Mining Camp |
| 8:09 | Create | Militia |
| 8:15 | Build | House |
| 8:52 | Create | Villager (Male) |
| 8:53 | Build | Mill |
| 9:12 | Create | Villager (Male) |
| 9:21 | Age | Feudal Age |
| 9:24 | Research | Man-at-Arms (upgrade) |
| 9:24 | Research | Double-Bit Axe |
| 9:38 | Build | Archery Range |
| 9:39 | Create | Villager (Male) |
| 9:53 | Build | Palisade Wall |
| 9:54 | Build | Palisade Wall |
| 9:55 | Build | Palisade Wall |
| 9:57 | Build | Palisade Wall |
| 10:03 | Build | Palisade Wall |
| 10:10 | Create | Villager (Male) |
| 10:24 | Create | Villager (Male) |
| 10:30 | Create | Archer |
| 10:44 | Create | Archer |
| 11:01 | Create | Villager (Male) |
| 11:20 | Build | House |
| 11:21 | Build | Farm |
| 11:29 | Create | Archer |
| 11:30 | Create | Villager (Male) |
| 11:40 | Build | Farm |
| 11:44 | Build | Farm |
| 11:50 | Build | House |
| 11:56 | Build | Farm |
| 11:58 | Create | Villager (Male) |
| 11:59 | Build | House |
| 12:02 | Research | Town Watch |
| 12:13 | Create | Villager (Male) |
| 12:21 | Build | House |
| 12:21 | Build | Palisade Wall |
| 12:22 | Build | Palisade Wall |
| 12:27 | Build | Palisade Wall |
| 12:28 | Create | Villager (Male) |
| 12:29 | Create | Archer |
| 12:42 | Build | Farm |
| 12:49 | Create | Villager (Male) |
| 13:00 | Create | Archer |
| 13:03 | Create | Villager (Male) |
| 13:11 | Build | Farm |
| 13:12 | Build | Farm |
| 13:21 | Create | Villager (Male) |
| 13:22 | Create | Villager (Male) |
| 13:31 | Create | Villager (Male) |
| 13:56 | Create | Archer |
| 13:57 | Create | Villager (Male) |
| 14:05 | Build | Blacksmith |
| 14:08 | Build | Farm |
| 14:14 | Build | Farm |
| 14:33 | Build | House |
| 14:36 | Create | Villager (Male) |
| 14:38 | Build | Palisade Wall |
| 14:49 | Build | House |
| 14:50 | Build | Palisade Wall |
| 14:51 | Research | Fletching |
| 14:51 | Research | Fletching |
| 14:58 | Build | Farm |
| 14:59 | Create | Villager (Male) |
| 15:15 | Build | Farm |
| 15:17 | Build | Farm |
| 15:18 | Create | Villager (Male) |
| 15:37 | Create | Archer |
| 15:56 | Build | Palisade Wall |
| 15:59 | Create | Villager (Male) |
| 16:00 | Create | Archer |
| 16:00 | Create | Villager (Male) |
| 16:24 | Build | Stable |
| 16:26 | Create | Villager (Male) |
| 16:30 | Create | Archer |
| 16:36 | Build | Palisade Wall |
| 16:54 | Create | Villager (Male) |
| 17:04 | Create | Scout Cavalry |
| 17:06 | Build | Farm |
| 17:17 | Create | Archer |
| 17:19 | Create | Scout Cavalry |
| 17:34 | Build | Lumber Camp |
| 17:37 | Create | Villager (Male) |
| 17:56 | Build | Palisade Wall |
| 18:01 | Build | Palisade Wall |
| 18:05 | Create | Villager (Male) |
| 18:07 | Create | Archer |
| 18:15 | Build | Watch Tower |
| 18:25 | Build | House |
| 18:38 | Build | House |
| 18:39 | Build | Palisade Wall |
| 18:39 | Create | Villager (Male) |
| 18:51 | Create | Villager (Male) |
| 19:23 | Build | Palisade Wall |
| 19:25 | Create | Villager (Male) |
| 19:26 | Build | Farm |
| 19:56 | Research | Castle Age |
| 19:56 | Research | Castle Age |
| 20:08 | Build | Palisade Wall |
| 20:13 | Research | Horse Collar |
| 20:13 | Research | Horse Collar |
| 20:15 | Build | Archery Range |
| 20:20 | Build | Archery Range |
| 20:29 | Build | Farm |
| 20:36 | Research | Gold Mining |
| 20:36 | Research | Gold Mining |
| 20:48 | Create | Archer |
| 21:03 | Create | Archer |
| 21:20 | Build | Stable |
| 21:21 | Research | Scale Barding Armor |
| 21:45 | Create | Archer |
| 21:46 | Create | Villager (Male) |
| 21:49 | Build | Farm |
| 21:51 | Build | Farm |
| 21:54 | Build | House |
| 22:03 | Create | Villager (Male) |
| 22:04 | Create | Archer |
| 22:15 | Build | Farm |
| 22:17 | Build | Farm |
| 22:36 | Age | Castle Age |
| 22:37 | Create | Knight |
| 22:38 | Create | Knight |
| 22:41 | Research | Bodkin Arrow |
| 22:47 | Create | Archer |
| 22:53 | Build | Farm |
| 22:55 | Build | Farm |
| 23:04 | Create | Villager (Male) |
| 23:06 | Create | Knight |
Build order — OS+ | Sziky
First 150 of 539 actions detected
| 0:00 | Create | Villager (Male) |
| 0:02 | Build | House |
| 0:02 | Build | House |
| 0:12 | Create | Villager (Male) |
| 0:12 | Create | Villager (Male) |
| 0:36 | Create | Villager (Male) |
| 1:31 | Create | Villager (Male) |
| 1:51 | Build | Lumber Camp |
| 1:59 | Create | Villager (Male) |
| 2:15 | Create | Villager (Male) |
| 2:34 | Create | Villager (Male) |
| 3:07 | Create | Villager (Male) |
| 3:36 | Create | Villager (Male) |
| 3:48 | Create | Villager (Male) |
| 3:56 | Build | House |
| 3:57 | Build | House |
| 4:21 | Create | Villager (Male) |
| 5:03 | Create | Villager (Male) |
| 5:21 | Create | Villager (Male) |
| 5:43 | Build | Barracks |
| 5:44 | Create | Villager (Male) |
| 5:45 | Research | Loom |
| 6:19 | Build | House |
| 6:40 | Research | Feudal Age |
| 7:01 | Create | Militia |
| 7:07 | Build | Palisade Wall |
| 7:16 | Build | Mill |
| 7:30 | Create | Militia |
| 7:45 | Create | Militia |
| 8:14 | Build | Mining Camp |
| 8:23 | Create | Villager (Male) |
| 8:53 | Age | Feudal Age |
| 9:06 | Research | Man-at-Arms (upgrade) |
| 9:09 | Build | Blacksmith |
| 9:16 | Create | Villager (Male) |
| 9:19 | Build | Palisade Wall |
| 9:20 | Build | Palisade Wall |
| 9:22 | Build | Palisade Wall |
| 9:24 | Build | Palisade Wall |
| 9:25 | Build | Palisade Wall |
| 9:31 | Create | Villager (Male) |
| 10:00 | Create | Villager (Male) |
| 10:17 | Create | Villager (Male) |
| 10:19 | Build | Palisade Wall |
| 10:20 | Build | Palisade Wall |
| 10:21 | Build | Palisade Wall |
| 10:29 | Create | Villager (Male) |
| 10:36 | Create | Militia |
| 10:46 | Build | House |
| 10:48 | Build | House |
| 10:55 | Build | Pasture |
| 11:03 | Build | House |
| 11:05 | Build | Palisade Wall |
| 11:07 | Build | House |
| 11:08 | Build | Palisade Wall |
| 11:09 | Build | Palisade Wall |
| 11:10 | Create | Villager (Male) |
| 11:16 | Build | Pasture |
| 11:16 | Create | Villager (Male) |
| 11:33 | Create | Villager (Male) |
| 11:54 | Build | Palisade Wall |
| 12:00 | Create | Villager (Male) |
| 12:02 | Research | Double-Bit Axe |
| 12:03 | Research | Double-Bit Axe |
| 12:32 | Create | Villager (Male) |
| 12:38 | Build | Archery Range |
| 12:47 | Create | Villager (Male) |
| 13:03 | Create | Villager (Male) |
| 13:16 | Build | Pasture |
| 13:25 | Build | Palisade Wall |
| 13:29 | Create | Villager (Male) |
| 13:35 | Create | Villager (Male) |
| 13:57 | Create | Villager (Male) |
| 14:03 | Build | Pasture |
| 14:04 | Build | Pasture |
| 14:09 | Create | Skirmisher |
| 14:15 | Create | Villager (Male) |
| 14:21 | Create | Militia |
| 14:25 | Create | Villager (Male) |
| 14:31 | Create | Villager (Male) |
| 14:40 | Create | Skirmisher |
| 14:48 | Build | Palisade Wall |
| 14:54 | Create | Skirmisher |
| 14:58 | Create | Villager (Male) |
| 15:09 | Create | Villager (Male) |
| 15:12 | Create | Skirmisher |
| 15:16 | Build | Palisade Wall |
| 15:31 | Research | Fletching |
| 15:32 | Create | Skirmisher |
| 15:39 | Create | Villager (Male) |
| 15:43 | Build | Pasture |
| 15:53 | Create | Militia |
| 15:55 | Create | Villager (Male) |
| 15:56 | Create | Skirmisher |
| 16:02 | Build | Palisade Wall |
| 16:09 | Create | Villager (Male) |
| 16:11 | Build | Pasture |
| 16:12 | Build | Pasture |
| 16:23 | Create | Militia |
| 16:27 | Build | Palisade Wall |
| 16:32 | Build | House |
| 16:33 | Build | House |
| 16:34 | Create | Villager (Male) |
| 16:38 | Create | Skirmisher |
| 16:46 | Create | Skirmisher |
| 16:54 | Research | Forging |
| 16:54 | Research | Forging |
| 17:00 | Create | Villager (Male) |
| 17:04 | Create | Skirmisher |
| 17:08 | Create | Militia |
| 17:12 | Create | Villager (Male) |
| 17:21 | Build | Palisade Wall |
| 17:26 | Create | Skirmisher |
| 17:40 | Research | Arson |
| 17:41 | Research | Arson |
| 17:41 | Create | Militia |
| 17:45 | Build | Lumber Camp |
| 17:49 | Build | Palisade Wall |
| 17:57 | Create | Villager (Male) |
| 18:04 | Create | Skirmisher |
| 18:11 | Research | Padded Archer Armor |
| 18:11 | Research | Padded Archer Armor |
| 18:35 | Build | Pasture |
| 18:52 | Create | Militia |
| 19:04 | Create | Militia |
| 19:05 | Create | Skirmisher |
| 19:23 | Create | Villager (Male) |
| 19:24 | Research | Wheelbarrow |
| 19:26 | Create | Skirmisher |
| 19:40 | Create | Skirmisher |
| 19:52 | Create | Militia |
| 19:54 | Create | Villager (Male) |
| 19:57 | Build | Pasture |
| 20:00 | Build | Pasture |
| 20:01 | Research | Tech 1014 |
| 20:17 | Create | Skirmisher |
| 20:20 | Create | Villager (Male) |
| 20:22 | Build | Pasture |
| 20:27 | Build | House |
| 20:28 | Build | Palisade Wall |
| 20:38 | Create | Villager (Male) |
| 20:54 | Build | Pasture |
| 20:59 | Create | Skirmisher |
| 21:44 | Create | Skirmisher |
| 21:52 | Build | Pasture |
| 22:03 | Research | Castle Age |
| 22:03 | Research | Castle Age |
| 22:20 | Build | Pasture |
| 22:21 | Create | Villager (Male) |
| 22:22 | Create | Skirmisher |
Match timeline
| 5:43 | OS+ | Sziky · first_building Barracks |
| 5:51 | Itz_Zenta · first_building Barracks |
| 7:07 | OS+ | Sziky · wall_segment Palisade Wall x1 |
| 8:53 | OS+ | Sziky · age_up feudal |
| 9:19 | OS+ | Sziky · wall_segment Palisade Wall x1 |
| 9:20 | OS+ | Sziky · wall_segment Palisade Wall x1 |
| 9:21 | Itz_Zenta · age_up feudal |
| 9:22 | OS+ | Sziky · wall_segment Palisade Wall x1 |
| 9:24 | OS+ | Sziky · wall_segment Palisade Wall x1 |
| 9:25 | OS+ | Sziky · wall_segment Palisade Wall x1 |
| 9:38 | Itz_Zenta · first_building Archery Range |
| 9:53 | Itz_Zenta · wall_segment Palisade Wall x1 |
| 9:54 | Itz_Zenta · wall_segment Palisade Wall x1 |
| 9:55 | Itz_Zenta · wall_segment Palisade Wall x1 |
| 9:57 | Itz_Zenta · wall_segment Palisade Wall x1 |
| 10:03 | Itz_Zenta · wall_segment Palisade Wall x1 |
| 10:19 | OS+ | Sziky · wall_segment Palisade Wall x1 |
| 10:20 | OS+ | Sziky · wall_segment Palisade Wall x1 |
| 10:21 | OS+ | Sziky · wall_segment Palisade Wall x1 |
| 11:05 | OS+ | Sziky · wall_segment Palisade Wall x1 |
| 11:08 | OS+ | Sziky · wall_segment Palisade Wall x1 |
| 11:09 | OS+ | Sziky · wall_segment Palisade Wall x1 |
| 11:54 | OS+ | Sziky · wall_segment Palisade Wall x1 |
| 12:21 | Itz_Zenta · wall_segment Palisade Wall x1 |
| 12:22 | Itz_Zenta · wall_segment Palisade Wall x1 |
| 12:27 | Itz_Zenta · wall_segment Palisade Wall x5 |
| 12:38 | OS+ | Sziky · first_building Archery Range |
| 13:25 | OS+ | Sziky · wall_segment Palisade Wall x1 |
| 14:38 | Itz_Zenta · wall_segment Palisade Wall x8 |
| 14:48 | OS+ | Sziky · wall_segment Palisade Wall x8 |
| 14:50 | Itz_Zenta · wall_segment Palisade Wall x1 |
| 15:16 | OS+ | Sziky · wall_segment Palisade Wall x1 |
| 15:56 | Itz_Zenta · wall_segment Palisade Wall x11 |
| 16:02 | OS+ | Sziky · wall_segment Palisade Wall x1 |
| 16:24 | Itz_Zenta · first_building Stable |
| 16:27 | OS+ | Sziky · wall_segment Palisade Wall x5 |
| 16:36 | Itz_Zenta · wall_segment Palisade Wall x4 |
| 17:21 | OS+ | Sziky · wall_segment Palisade Wall x1 |
| 17:49 | OS+ | Sziky · wall_segment Palisade Wall x16 |
| 17:56 | Itz_Zenta · wall_segment Palisade Wall x1 |
| 18:01 | Itz_Zenta · wall_segment Palisade Wall x1 |
| 18:39 | Itz_Zenta · wall_segment Palisade Wall x1 |
| 19:23 | Itz_Zenta · wall_segment Palisade Wall x1 |
| 20:08 | Itz_Zenta · wall_segment Palisade Wall x1 |
| 20:28 | OS+ | Sziky · wall_segment Palisade Wall x7 |
| 22:36 | Itz_Zenta · age_up castle |
| 23:21 | OS+ | Sziky · wall_segment Palisade Wall x1 |
| 24:14 | OS+ | Sziky · first_building Stable |
| 24:17 | Itz_Zenta · first_building Siege Workshop |
| 24:43 | OS+ | Sziky · age_up castle |
| 26:36 | OS+ | Sziky · first_building Siege Workshop |
| 29:30 | Itz_Zenta · first_market_sell 100 wood |
| 30:05 | Itz_Zenta · first_building Monastery |
| 37:09 | Itz_Zenta · age_up imperial |
| 37:26 | OS+ | Sziky · first_building Castle |
| 37:29 | OS+ | Sziky · first_building Monastery |
| 37:32 | Itz_Zenta · first_building Castle |
| 37:50 | Itz_Zenta · wall_segment Stone Wall x1 |
| 39:01 | Itz_Zenta · first_market_buy 100 wood |
| 40:40 | Itz_Zenta · wall_segment Stone Wall x1 |
| 40:50 | OS+ | Sziky · age_up imperial |
| 40:57 | OS+ | Sziky · first_market_buy 100 wood |
| 42:13 | OS+ | Sziky · first_market_sell 100 food |
| 47:38 | OS+ | Sziky · resign |
[ AI ANALYSIS · 1 CREDIT ]
What really happened in this match?
Wolo.gg analyzes every decision: build order, eco, micro, common mistakes by bracket. Personalized analysis on WhatsApp or Discord in 30 seconds.
Civ guide
Vikings
Perfil
Jugador #24335740